 Dungeon Crawl Stone Soup version 0.21.1-1-g345015f (webtiles) character file.

1010 Mgcat the Sneak (level 8, -7/69 HPs)
             Began as a Purple Draconian Assassin on Feb 11, 2018.
             Was an Initiate of Fedhas.
             Mangled by an orc warrior
             ... wielding a cursed -3 hand axe
              (13 damage)
             ... on level 6 of the Dungeon.
             The game lasted 00:26:57 (6235 turns).

Mgcat the Sneak (Purple Draconian Assassin)         Turns: 6235, Time: 00:26:57

Health: -7/69      AC: 10    Str: 19    XL:     8   Next: 1%
Magic:  8/8        EV: 16    Int: 11    God:    Fedhas [......]
Gold:   348        SH:  0    Dex: 16    Spells: 7/7 levels left

rFire    . . .     SeeInvis .   a - +4 dagger
rCold    . . .     Gourm    .   (no shield)
rNeg     . . .     Faith    .   (armour unavailable)
rPois    .         Spirit   .   (helmet restricted)
rElec    .         Reflect  .   c - +1 cloak
rCorr    .         Harm     .   m - +1 pair of gloves
MR       +....                  (no boots)
Stlth    ++++......             h - amulet of magic regeneration
HPRegen  0.21/turn              v - +6 ring of strength
MPRegen  0.36/turn              s - +4 ring of evasion

@: short of breath, hasted, very quick
A: breathe power, unfitting armour, cold-blooded, AC +6
a: Breathe Dispelling Energy, Fungal Bloom, Renounce Religion


You were on level 6 of the Dungeon.
You worshipped Fedhas.
Fedhas was noncommittal.
You were hungry.

You visited 2 branches of the dungeon, and saw 7 of its levels.

You collected 348 gold pieces.

Inventory:

Hand Weapons
 a - a +4 dagger (weapon)
 b - a +0 blowgun
 y - a +0 rapier of draining
   (You found it on level 5 of the Dungeon)
Missiles
 d - 22 poisoned needles
 e - 2 curare-tipped needles
 C - 8 needles of paralysis
Armour
 c - a +1 cloak (worn)
 m - a +1 pair of gloves (worn)
   (You found it on level 1 of the Dungeon)
Jewellery
 h - an amulet of magic regeneration (around neck)
   (You found it on level 1 of the Dungeon)
 j - an uncursed ring of wizardry {Wiz+, !d}
   (You found it on level 1 of the Dungeon)
 s - a +4 ring of evasion (right hand)
   (You found it on level 2 of the Dungeon)
 v - a +6 ring of strength (left hand)
   (You found it on level 6 of the Dungeon)
 w - a +2 ring of strength
   (You found it on level 6 of the Dungeon)
Wands
 r - a wand of flame (20)
   (You took it off a hobgoblin on level 4 of the Dungeon)
Scrolls
 i - 6 scrolls of remove curse
 p - a scroll of enchant weapon
 x - a scroll of enchant armour
 z - 2 scrolls of amnesia
Potions
 g - 2 potions of berserk rage {!q}
 k - a potion of might {unknown}
 l - 3 potions of heal wounds {unknown}
 n - 3 potions of curing
 o - a potion of magic {unknown}
 q - 3 potions of brilliance
 t - a potion of agility {unknown}
 u - a potion of haste
 A - a potion of resistance
Comestibles
 f - 12 rations


   Skills:
 + Level 5.6 Fighting
 + Level 5.1 Short Blades
 - Level 1.7 Throwing
 - Level 0.8 Dodging
 + Level 7.3 Stealth
 + Level 0.3 Invocations


You had 7 spell levels left.
You didn't know any spells.

Dungeon Overview and Level Annotations

Branches:
Dungeon (6/15)             Temple (1/1) D:5

Altars:
Ashenzari
Cheibriados
Dithmenos
Elyvilon
Fedhas
Gozag
Hepliaklqana
Kikubaaqudgha
Makhleb
Nemelex Xobeh
Okawaru
Sif Muna
Uskayaw
Vehumet
Xom
Yredelemnul
The Shining One


Innate Abilities, Weirdness & Mutations

You can breathe bolts of dispelling energy.
Your rich purple scales are hard. (AC +6)
You cannot fit into any form of body armour.
You are cold-blooded and may be slowed by cold attacks.


Message History

The dart slug closely misses you.
You hit the dart slug.
You kill the dart slug!
The orc warrior hits you with a hand axe!!
You see here a dart slug corpse.
You closely miss the orc warrior.
You hit the orc warrior but do no damage.
The orc warrior hits you with a hand axe.
You hit the orc warrior but do no damage.
The orc warrior closely misses you.
You closely miss the orc warrior.
Your tail-slap misses the orc warrior.
You hit the orc warrior but do no damage.
The orc warrior hits you but does no damage.
Firing (i - inventory): No suitable missiles.
Press: ? - help, Shift-Dir - straight line, f - orc warrior
Aim: an orc warrior, wielding a hand axe and wearing a plate armour
Okay, then.
Evoke which item? (* to show all) (? for menu, Esc to quit)
Aiming: Throw Flame
Press: ? - help, Shift-Dir - straight line, f - orc warrior
Aim: an orc warrior, wielding a hand axe and wearing a plate armour The puff of flame hits the orc warrior.
The orc warrior is lightly wounded.
The orc warrior misses you.
Evoke which item? (* to show all) (? for menu, Esc to quit)
Aiming: Throw Flame
Press: ? - help, Shift-Dir - straight line, f/p - orc warrior
Aim: an orc warrior, wielding a hand axe and wearing a plate armour (lightly wounded)
The puff of flame hits the orc warrior.
The orc warrior appears unharmed.
The orc warrior is lightly wounded.
The orc warrior barely misses you.
Evoke which item? (* to show all) (? for menu, Esc to quit)
Aiming: Throw Flame
Press: ? - help, Shift-Dir - straight line, f/p - orc warrior
Aim: an orc warrior, wielding a hand axe and wearing a plate armour (lightly wounded)
The puff of flame hits the orc warrior.
The orc warrior appears unharmed.
The orc warrior is lightly wounded.
The orc warrior misses you.
Evoke which item? (* to show all) (? for menu, Esc to quit)
Aiming: Throw Flame
Press: ? - help, Shift-Dir - straight line, f/p - orc warrior
Aim: an orc warrior, wielding a hand axe and wearing a plate armour (lightly wounded)
The puff of flame hits the orc warrior.
The orc warrior appears unharmed.
The orc warrior is lightly wounded.
The orc warrior hits you with a hand axe!
Evoke which item? (* to show all) (? for menu, Esc to quit)
Aiming: Throw Flame
Press: ? - help, Shift-Dir - straight line, f/p - orc warrior
Aim: an orc warrior, wielding a hand axe and wearing a plate armour (lightly wounded)
The puff of flame hits the orc warrior.
The orc warrior appears unharmed.
The orc warrior is lightly wounded.
Evoke which item? (* to show all) (? for menu, Esc to quit)
Aiming: Throw Flame
Press: ? - help, Shift-Dir - straight line, f/p - orc warrior
Aim: an orc warrior, wielding a hand axe and wearing a plate armour (lightly wounded)
The puff of flame hits the orc warrior.
The orc warrior is lightly wounded.
The orc warrior barely misses you.
Evoke which item? (* to show all) (? for menu, Esc to quit)
Aiming: Throw Flame
Press: ? - help, Shift-Dir - straight line, f/p - orc warrior
Aim: an orc warrior, wielding a hand axe and wearing a plate armour (lightly wounded)
The puff of flame misses the orc warrior.
The puff of flame misses the wyvern skeleton.
The orc warrior hits you with a hand axe.
Press: ? - help, Shift-Dir - straight line, f/p - orc warrior
Aim: an orc warrior, wielding a hand axe and wearing a plate armour (lightly wounded)
You breathe a bolt of dispelling energy.
The bolt of dispelling energy hits the orc warrior.
The orc warrior is moderately wounded.
The bolt of dispelling energy hits the wyvern skeleton.
The wyvern skeleton is lightly damaged.
You feel somewhat more hungry. The orc warrior misses you.
You barely miss the orc warrior.
Your tail-slap misses the orc warrior.
The orc warrior is moderately wounded.
The orc warrior hits you with a hand axe!
* * * LOW HITPOINT WARNING * * *
You feel yourself speed up.
The orc warrior hits you with a hand axe!
* * * LOW HITPOINT WARNING * * *
Okay, then.
You hit the orc warrior but do no damage.
The orc warrior is moderately wounded.
Okay, then.
You barely miss the orc warrior.
The orc warrior is moderately wounded.
The orc warrior misses you.
You hit the orc warrior but do no damage.
The orc warrior is moderately wounded.
You closely miss the orc warrior.
The orc warrior is moderately wounded.
The orc warrior misses you.
You hit the orc warrior but do no damage.
The orc warrior is moderately wounded.
You hit the orc warrior but do no damage.
Your tail-slap misses the orc warrior.
The orc warrior is moderately wounded.
The orc warrior hits you with a hand axe!
You die...
Fedhas appreciates your contribution to the ecosystem.

.#......#.##....)....)...#
.#...#..#%##.............# ....#
#.....#............# .
##..###..##.#..........!.# ..
###..#..###.##..$.......# ...
.##.....##..##..........# ....
..............##Zo.....o####.....
#.........##..##o#####...).......
##..._...####.##@# ##..####......
#....)....##.....###..## .....Z
..............##.....## ......
.##.....##..###..##.## ......
###..#..###.###.###.# .<....
##..###..##.##..# #.# #.....
....###.....##.## #.# .....
.....#..#####..# #.# ........#
##.## #.#


You could see an orc warrior, an orc and a wyvern skeleton.

Vanquished Creatures
  Sigmund (D:2)
  A black bear (D:6)
  A phantom (D:4)
  An ogre (D:4)
  A scorpion (D:4)
  A centaur zombie (D:6)
  2 orc priests
  A centaur skeleton (D:4)
  A hound (D:5)
  2 orc wizards (D:5)
  Jessica (D:2)
  A bullfrog skeleton (D:5)
  An iguana (D:5)
  Natasha (thrice) (D:4)
  2 hound skeletons
  6 adders
  2 worms
  7 dart slugs
  4 leopard geckos
  9 orcs
  2 giant cockroaches
  7 goblins
  6 hobgoblins
  8 jackals
  3 quokkas
  9 bats
  5 frilled lizards
  12 kobolds
  6 rats
106 creatures vanquished.

Notes
Turn   | Place    | Note
-------+----------+-------------------------------------------
     0 | D:1      | Mgcat the Draconian Assassin began the quest for the Orb.
     0 | D:1      | Reached XP level 1. HP: 17/17 MP: 1/1
    15 | D:1      | Reached skill level 4 in Stealth
    86 | D:1      | Reached XP level 2. HP: 24/24 MP: 2/2
   669 | D:2      | Found a sparkling altar of Nemelex Xobeh.
   887 | D:2      | Noticed Sigmund
   905 | D:2      | Noticed Jessica
   918 | D:2      | Killed Jessica
   918 | D:2      | Reached skill level 5 in Stealth
   918 | D:2      | Reached XP level 3. HP: 29/29 MP: 3/3
  1020 | D:2      | Reached XP level 4. HP: 12/36 MP: 4/4
  1023 | D:2      | HP: 9/36 [poisoned by an adder]
  1028 | D:2      | HP: 8/36 [poisoned by an adder]
  1036 | D:2      | HP: 7/36 [poisoned by an adder]
  1044 | D:2      | HP: 6/36 [poisoned by an adder]
  2102 | D:3      | Reached XP level 5. HP: 27/44 MP: 5/5
  2208 | D:3      | Reached skill level 3 in Fighting
  2394 | D:4      | Reached skill level 3 in Short Blades
  2518 | D:4      | Noticed a phantom
  2549 | D:4      | Reached skill level 6 in Stealth
  2635 | D:4      | Found a radiant altar of Vehumet.
  2644 | D:4      | Noticed an ogre
  2658 | D:4      | Killed an ogre
  2658 | D:4      | Reached XP level 6. HP: 20/52 MP: 6/6
  2811 | D:4      | Noticed Natasha
  3032 | D:5      | Entered Level 5 of the Dungeon
  3081 | D:5      | Found a staircase to the Ecumenical Temple.
  3094 | D:5      | Reached skill level 4 in Fighting
  3174 | Temple   | Entered the Ecumenical Temple
  3460 | Temple   | Became a worshipper of Fedhas Madash
  3563 | D:5      | Found an opulent altar of Gozag.
  3847 | D:5      | Noticed an ice beast
  3908 | D:5      | Found a white marble altar of Elyvilon.
  4088 | D:5      | Found a basalt altar of Yredelemnul.
  4436 | D:2      | Killed Sigmund
  4436 | D:2      | Reached skill level 4 in Short Blades
  4436 | D:2      | Your scales start taking on a rich purple colour.
  4436 | D:2      | Reached XP level 7. HP: 60/60 MP: 7/7
  4467 | D:2      | Found a deep blue altar of Sif Muna.
  4591 | D:4      | Reached skill level 5 in Fighting
  4625 | D:4      | Killed Natasha
  4933 | D:4      | Found a radiant altar of Vehumet.
  5091 | D:4      | Noticed Natasha
  5096 | D:4      | Killed Natasha
  5096 | D:4      | Reached skill level 7 in Stealth
  5180 | D:4      | Noticed Natasha
  5190 | D:4      | Killed Natasha
  5315 | D:6      | Got a faintly humming helmet
  5318 | D:6      | HP: 12/61 [electric eel/bolt of electricity (7)]
  5793 | D:6      | Found a shadowy altar of Dithmenos.
  5856 | D:6      | Reached skill level 5 in Short Blades
  6127 | D:6      | Reached XP level 8. HP: 52/69 MP: 8/8
  6228 | D:6      | HP: 16/69 [orc warrior/hand axe (12)]
  6229 | D:6      | HP: 6/69 [orc warrior/hand axe (10)]
  6235 | D:6      | Mangled by an orc warrior

Skill      XL: |  1  2  3  4  5  6  7 |
---------------+----------------------+-----
Stealth        | 4 5 6 7 |  7.3
Fighting       | 3 4 5 |  5.6
Short Blades   | 3 4 5 |  5.1
Throwing       | |  1.7
Dodging        | |  0.8
Invocations    | |  0.3

Action                   |  1- 3 |  4- 6 |  7- 9 || total
-------------------------+-------+-------+-------++-------
Melee: Dagger            |    95 |   209 |   130 ||   434
       Tailslap          |     8 |    21 |    16 ||    45
 Fire: Blowgun           |    12 |    16 |     8 ||    36
Invok: Fungal Bloom      |       |     1 |       ||     1
 Abil: Breathe Dispellin |       |       |     2 ||     2
Evoke: Wand              |       |     5 |     7 ||    12
  Use: Scroll            |       |    10 |     4 ||    14
       Potion            |       |       |     1 ||     1
 Stab: Sleeping          |     3 |     7 |     1 ||    11
       Distracted        |       |       |     1 ||     1
  Eat: Chunk             |       |    10 |     3 ||    13
       Ration            |       |     1 |       ||     1
Armor: Skin              |    32 |    55 |    32 ||   119
Dodge: Dodged            |    44 |   106 |    98 ||   248

Vault maps used:
D:1:      saegor_arrival_miasma, supply_closet_lemuel
D:2:      led_sif_pool, nemelex_xobeh_ov_fountains_minmay, uniq_sigmund,
          uniq_jessica
D:3:      guppyfry_early_lair_pool
D:4:      first_ration, vehumet_altar_wand_db, uniq_natasha
D:5:      elyvilon_altar_3, nicolae_overflow_hidden_temple,
          grunt_gozag_breadcrumbs, minmay_temple_entry_statues_pillars
D:6:      kennysheep_slugbush, nicolae_dithmenos_shadow_blocks, serial_shops,
          shop
Temple:   bh_familiar_temple

Table legend:
 A = Turns spent in this place as a percentage of turns spent in the entire game.
 B = Non-inter-level travel turns spent in this place as a percentage of non-inter-level travel turns spent in the entire game.
 C = Inter-level travel turns spent in this place as a percentage of turns spent in this place.
 D = Turns resting spent in this place as a percentage of non-inter-level travel turns spent in this place.
 E = Turns spent auto-exploring this place as a percentage of non-inter-level travel turns spent in this place.
 F = Non-inter-level travel turns spent in this place divided by the number of levels of this place that you've seen.
                   A       B       C       D       E      F
               +-------+-------+-------+-------+-------+----------------------
         Total | 100.0 | 100.0 |   6.7 |  15.2 |  59.3 | 831.3
       Dungeon |  94.0 |  93.8 |   6.9 |  13.0 |  59.9 | 909.3
        Temple |   6.0 |   6.2 |   3.5 |  46.8 |  49.9 | 363.0
               +-------+-------+-------+-------+-------+----------------------

Table legend:
 A = Kills in this place as a percentage of kills in entire the game.
 B = Kills by you in this place as a percentage of kills by you in the entire game.
 C = Kills by friends in this place as a percentage of kills by friends in the entire game.
 D = Other kills in this place as a percentage of other kills in the entire game.
 E = Experience gained in this place as a percentage of experience gained in the entire game.
 F = Experience gained in this place divided by the number of levels of this place that you have seen.
                   A       B       C       D       E      F
               +-------+-------+-------+-------+-------+----------------------
         Total | 100.0 | 100.0 |   N/A |   N/A | 100.0 | 206.1
       Dungeon | 100.0 | 100.0 |   N/A |   N/A | 100.0 | 240.5
               +-------+-------+-------+-------+-------+----------------------
